 Dungeon Crawl Stone Soup version 0.20.1-1-g8b1a95d (webtiles) character file.

739 wolfsongas the Basher (level 7, -1/57 HPs)
             Began as a Minotaur Berserker on Aug 4, 2017.
             Was a Priest of Trog.
             Blown up by Ijyb (8 damage)
             ... with a wand of disintegration (?/24)
             ... on level 4 of the Dungeon.
             The game lasted 00:07:40 (2929 turns).

wolfsongas the Basher (Minotaur Berserker)          Turns: 2929, Time: 00:07:40

Health: -1/57      AC:  5    Str: 23    XL:     7   Next: 46%
Magic:  6/6        EV: 11    Int:  4    God:    Trog [***...]
Gold:   134        SH:  0    Dex: 10    Spells: 6/6 levels left

rFire    + . .     SeeInvis .   a - +0 mace
rCold    x . .     Gourm    +   (no shield)
rNeg     . . .     Faith    .   e - +0 ring mail
rPois    .         Spirit   .   (helmet restricted)
rElec    .         Reflect  .   (no cloak)
rCorr    .         Harm     .   (no gloves)
MR       .....                  (no boots)
Stlth    ..........             t - amulet of the gourmand
Regen    0.2/turn               i - ring of fire
MPRegen  0.1/turn               (no ring)

@: berserk cooldown, slowed, very slow
A: retaliatory headbutt, horns 2
a: Berserk, Trog's Hand, Burn Spellbooks, Renounce Religion


You were on level 4 of the Dungeon.
You worshipped Trog.
Trog was most pleased with you.
You were not hungry.

You visited 1 branch of the dungeon, and saw 4 of its levels.

You collected 134 gold pieces.

Inventory:

Hand Weapons
 a - a +0 mace (weapon)
Armour
 e - a +0 ring mail (worn)
Jewellery
 i - a ring of fire (left hand)
 t - an amulet of the gourmand (around neck)
Wands
 n - a wand of iceblast (1/15)
 o - a wand of lightning (0/15)
 r - a wand of iceblast (4/15)
Scrolls
 b - a scroll of remove curse
 f - a scroll of amnesia
 j - 2 scrolls of teleportation
 l - a scroll of blinking {unknown}
 q - a scroll of magic mapping {unknown}
Potions
 d - 2 potions of haste
 g - 2 potions of agility {unknown}
 k - 2 potions of magic
 m - 2 potions of lignification
 s - a potion of berserk rage {unknown}
Comestibles
 c - a bread ration
 h - 5 fruits
 p - a meat ration


   Skills:
 - Level 3.6 Fighting
 * Level 10.5 Maces & Flails
 - Level 2.4 Armour
 - Level 2.1 Dodging


You had 6 spell levels left.
You didn't know any spells.

Dungeon Overview and Level Annotations

Branches:
Dungeon (4/15)
 Temple: D:4-7

Altars:
Elyvilon

Annotations:
D:4 Ijyb


Innate Abilities, Weirdness & Mutations

You reflexively headbutt those who attack you in melee.
You have a pair of horns on your head.


Message History

The ogre barely misses you.
You hit the ogre. Your headbutt misses the ogre.
The ogre is lightly wounded.
The ogre hits you with a giant spiked club!
* * * LOW HITPOINT WARNING * * *
You hit the ogre.
The ogre is moderately wounded.
The ogre barely misses you.
You sock the ogre! You headbutt the ogre.
The ogre is almost dead.
The ogre hits you with a giant spiked club.
* * * LOW HITPOINT WARNING * * *
You hit the ogre.
The ogre is almost dead.
The ogre completely misses you.
You barely miss the ogre. You headbutt the ogre.
You kill the ogre!
Trog accepts your kill.
Ijyb zaps a wand.
You are blasted!
You die...

..# #.#
#.#.#
..#.#
#.#.#
#.#.#
#...#
#######..#
.....g)@.#
#######†.#
#..#
#######..#
.....>...#
#######.##
#.# #.#
#.#


You could see Ijyb.

Vanquished Creatures
  The ghost of Golfball the Skirmisher, an amateur DrBe of Trog (D:4)
  The ghost of felt the Skirmisher, an amateur DsFi (D:3)
  An ogre (D:4)
  Jessica (D:2)
  Natasha (thrice) (D:3)
  Terence (D:3)
  3 adders (D:3)
  4 gnolls (D:2)
  An ooze (D:3)
  3 worms
  4 dart slugs
  A leopard gecko (D:2)
  9 bats
  2 giant cockroaches
  6 goblins
  13 hobgoblins
  7 jackals (D:2)
  9 kobolds
  2 quokkas
  6 frilled lizards
  14 rats
92 creatures vanquished.

Notes
Turn   | Place    | Note
-------+----------+-------------------------------------------
     0 | D:1      | wolfsongas the Minotaur Berserker began the quest for the Orb.
     0 | D:1      | Reached XP level 1. HP: 19/19 MP: 0/0
   107 | D:1      | Reached skill level 4 in Maces & Flails
   233 | D:1      | Reached XP level 2. HP: 26/26 MP: 1/1
   465 | D:1      | Reached ** piety under Trog
   476 | D:1      | Reached skill level 5 in Maces & Flails
   507 | D:1      | Reached XP level 3. HP: 31/31 MP: 2/2
   990 | D:2      | Noticed Jessica
  1001 | D:2      | Killed Jessica
  1001 | D:2      | Reached skill level 6 in Maces & Flails
  1001 | D:2      | Reached XP level 4. HP: 29/39 MP: 3/3
  1428 | D:2      | HP: 2/58 [gnoll/spear (3)]
  1468 | D:2      | Reached XP level 5. HP: 5/45 MP: 4/4
  2001 | D:3      | Noticed Natasha
  2001 | D:3      | Noticed Terence
  2004 | D:3      | Killed Natasha
  2004 | D:3      | Reached *** piety under Trog
  2004 | D:3      | Reached skill level 7 in Maces & Flails
  2007 | D:3      | Killed Terence
  2012 | D:3      | Noticed Natasha
  2020 | D:3      | Killed Natasha
  2213 | D:3      | Noticed felt's ghost (amateur DsFi)
  2219 | D:3      | Killed felt's ghost
  2219 | D:3      | Reached skill level 8 in Maces & Flails
  2219 | D:3      | Reached XP level 6. HP: 50/51 MP: 5/5
  2300 | D:3      | Found a white marble altar of Elyvilon.
  2460 | D:3      | Reached skill level 9 in Maces & Flails
  2693 | D:3      | Noticed Natasha
  2699 | D:3      | Killed Natasha
  2890 | D:4      | Noticed Golfball's ghost (amateur DrBe)
  2902 | D:4      | Killed Golfball's ghost
  2902 | D:4      | Reached skill level 10 in Maces & Flails
  2902 | D:4      | Reached XP level 7. HP: 57/57 MP: 6/6
  2923 | D:4      | Noticed Ijyb
  2929 | D:4      | Blown up by Ijyb

Skill      XL: |  1  2  3  4  5  6 |
---------------+-------------------+-----
Maces & Flails | 4 5 6 8 10 | 10.5
Fighting       | |  3.6
Armour         | |  2.4
Dodging        | |  2.1

Action                   |  1- 3 |  4- 6 |  7- 9 || total
-------------------------+-------+-------+-------++-------
Melee: Mace              |    70 |   102 |     7 ||   179
       Headbutt          |     8 |    21 |     3 ||    32
Invok: Berserk           |       |     3 |       ||     3
       Burn Spellbooks   |       |     1 |       ||     1
       Trog's Hand       |       |     1 |       ||     1
Evoke: Wand              |       |     6 |       ||     6
  Use: Potion            |     1 |     3 |       ||     4
       Scroll            |     2 |     3 |       ||     5
  Eat: Meat ration       |       |     1 |       ||     1
       Chunk             |       |     1 |       ||     1
       Bread ration      |       |     1 |       ||     1
Armor: Ring mail         |    28 |    24 |       ||    52
       Skin              |       |    12 |       ||    12
Dodge: Dodged            |    45 |    63 |     4 ||   112
